 Dungeon Crawl Stone Soup version 0.32-a0-705-g60f233581c (webtiles) character file.

Game seed: 18135087179157368848

2551 jasper the Destroyer (level 9, -2/61 HPs)
             Began as a Coglin Conjurer on Mar 14, 2024.
             Slain by an ice beast (6 damage)
             ... on level 7 of the Dungeon.
             The game lasted 00:12:24 (8651 turns).

jasper the Destroyer (Coglin Conjurer)              Turns: 8651, Time: 00:12:25

Health: -2/61      AC:  4    Str:  8    XL:     9   Next: 56%
Magic:  0/12       EV: 11    Int: 22    God:
Gold:   231        SH:  0    Dex: 12    Spells: 1/12 levels left

rFire   . . .        w - staff of cold {Hong}
rCold   + . .        t - staff of alchemy {Navbir}
rNeg    . . .        a - +0 robe
rPois   +            g - +0 helmet
rElec   .            j - +0 cloak
rCorr   .            (no gloves)
SInv    .            (no boots)
Will    .....        (amulet unavailable)
Stlth   ++           (ring unavailable)
HPRegen 0.30/turn    (ring unavailable)
MPRegen 0.13/turn    (no gizmo)

%: no passive effects
@: revved
A: off-hand wielding, slow wielding, warmup strikes, no jewellery
a: Invent Gizmo


You were on level 7 of the Dungeon.
You visited 2 branches of the dungeon, and saw 8 of its levels.

You collected 319 gold pieces.
You spent 88 gold pieces at shops.

Inventory:

Hand Weapons
 e - a +0 dagger {Urai}
 f - a +0 dagger {Natsumi}
 q - a +2 whip of pain {Fumito}
 s - a +0 falchion of flaming {Yeongsuk}
Armour
 a - a +0 robe (worn)
 b - a +1 leather armour of cold resistance
 g - a +0 helmet (worn)
 j - a +0 cloak (worn)
 p - a +0 cloak
 r - a +0 helmet
Magical Staves
 t - a staff of alchemy (offhand) {Navbir}
 w - a staff of cold (weapon) {Hong}
Wands
 u - a wand of paralysis (7)
Scrolls
 c - 3 scrolls of teleportation
 i - a scroll of noise
 m - a scroll of revelation {unknown}
 y - a scroll of enchant weapon {unknown}
 B - a scroll of immolation {unknown}
 C - a scroll of vulnerability
Potions
 d - 2 potions of mutation
 h - 2 potions of lignification {unknown}
 k - 2 potions of ambrosia {unknown}
 l - 2 potions of degeneration {unknown}
 n - 3 potions of curing
 o - 2 potions of enlightenment {unknown}
 v - a potion of haste {unknown}
 x - a potion of attraction {unknown}
 z - 2 potions of brilliance {unknown}
 A - a potion of heal wounds
 D - a potion of might {unknown}


   Skills:
 + Level 2.1 Fighting
 * Level 3.0 Staves
 + Level 2.8 Dodging
 - Level 1.5 Stealth
 - Level 2.0 Spellcasting
 - Level 10.0 Conjurations
 - Level 4.0 Translocations
 - Level 4.0 Alchemy


You had one spell level left.
You knew the following spells:

 Your Spells              Type           Power      Damage    Failure   Level
a - Magic Dart            Conj           100%       1d8       1%          1
b - Searing Ray           Conj           92%        2d7       1%          2
c - Fulminant Prism       Conj/Alch      24%        3d12      8%          4
d - Iskenderun's Mystic   Conj/Tloc      33%        2d8       8%          4

Your spell library contained the following spells:

 Spells                   Type           Power      Damage    Failure   Level
 Sting                    Conj/Alch      100%       1d9       1%          1
 Apportation              Tloc           38%        N/A       2%          1
 Mercury Vapours          Alch/Air       32%        N/A       9%          2
 Jinxbite                 Hex            4%         N/A       21%         2
 Olgreb's Toxic Radiance  Alch           29%        N/A       26%         4
 Alistair's Intoxication  Alch           19%        N/A       58%         5


Dungeon Overview and Level Annotations

Branches:
Dungeon (7/15)             Temple (1/1) D:6

Altars:
Ashenzari
Cheibriados
Dithmenos
Elyvilon
Fedhas
Gozag
Hepliaklqana
Makhleb
Nemelex Xobeh
Okawaru
Qazlal
Trog
Uskayaw
Wu Jian
Xom
Yredelemnul
The Shining One

Shops:
D:3 !   D:5 =   D:7 [

Annotations:
D:2 1 runed translucent door, Crazy Yiuf
D:3 3 runed translucent doors, AutarchDCSS's ghost, amateur MDFi; Fodor's ghost, amateur MiFi; jasper's ghost, weakling SpBe; justen's ghost, weakling MDFi; pokeman's ghost, amateur DEHW


Innate Abilities, Weirdness & Mutations

You can wield a second weapon in your off-hand.
It takes a long time for you to wield or remove held weapons.
Your first few attacks do less damage.
You cannot equip rings or amulets.


Message History

You barely miss the ice beast with your staff of alchemy.
The black bear closely misses you. x2; The black bear claws you.
The ice beast hits you but does no damage.
You take 3 damage, and have 30/61 hp.
You hit the ice beast but do no damage.
The ice beast is severely wounded.
You closely miss the ice beast with your staff of alchemy.
The black bear bites you! The black bear barely misses you.
The black bear claws you. The ice beast closely misses you.
You take 8 damage, and have 22/61 hp.
You hit the ice beast but do no damage.
The ice beast is severely wounded.
You hit the ice beast with your staff of cold.
The black bear barely misses you. x2; The black bear closely misses you.
The ice beast misses you.
You barely miss the ice beast with your staff of cold.
The ice beast is severely wounded.
You closely miss the ice beast with your staff of alchemy.
The black bear bites you.
* * * LOW HITPOINT WARNING * * *
The black bear claws you but does no damage.
The black bear claws you.
* * * LOW HITPOINT WARNING * * *
The ice beast hits you.
* * * LOW HITPOINT WARNING * * *
The ice beast freezes you. You resist.
* * * LOW HITPOINT WARNING * * *
You take 17 damage, and have 5/61 hp.
MASSIVE DAMAGE!!
Casting: Searing Ray (safe; 1% risk of failure)
Confirm with . or Enter, or press ? or * to list all spells.
Aiming: Fulminant Prism (dangerous; 8% risk of failure)
Press: ? - help, Dir - move target You feel a surge of power!
You conjure a prism of explosive energy!
A fulminant prism comes into view.
The black bear bites you but does no damage.
The black bear closely misses you. x2; The ice beast hits you.
* * * LOW HITPOINT WARNING * * *
The ice beast freezes you. You resist.
You die...

..........## #.
........##..## .##
........###..##..#
..##....#
##....### ..
#.##.#####.....#
##.##.......##...#
#..#.......## .##
.##.........## #
.......@....#
......Yh#..##
........#..#
......*##..#
...........†#
...####......# ...
#........ #.
#......##.
##.....# ..


You could see a black bear, an ice beast (ally target) and a friendly fulminant
prism.

Vanquished Creatures
  Jeremiah (D:6)
  Grinder (D:3)
  Eustachio (D:4)
  2 water moccasins (D:7)
  Duvessa (D:5)
  2 ogres
  4 phantoms
  A bullfrog (D:5)
  A scorpion (D:7)
  Dowan (D:5)
  A water moccasin skeleton (D:5)
  2 killer bees (D:7)
  4 crimson imps (D:4)
  A jelly (D:5)
  A centaur zombie (D:5)
  A centaur skeleton (D:5)
  3 bullfrog zombies (D:5)
  5 hounds
  2 orc priests
  A bullfrog skeleton (D:5)
  An iguana (D:4)
  A scorpion zombie (D:5)
  2 orc wizards (D:3)
  A killer bee zombie (D:5)
  A hound zombie (D:5)
  3 gnolls (D:2)
  Robin (D:3)
  4 adders
  A white imp (D:4)
  2 dart slugs (D:3)
  2 ribbon worms
  18 orcs
  4 endoplasms
  5 giant cockroaches
  13 goblins
  5 hobgoblins
  4 jackals (D:2)
  4 quokkas
  6 ball pythons
  7 bats
  4 frilled lizards
  11 kobolds
  2 rats
138 creatures vanquished.

Vanquished Creatures (others)
  8 fulminant prisms
8 creatures vanquished.

Grand Total: 146 creatures vanquished

Notes
Turn   | Place    | Note
-------+----------+-------------------------------------------
     0 | D:1      | jasper the Coglin Conjurer began the quest for the Orb.
     0 | D:1      | Reached XP level 1. HP: 13/13 MP: 3/3
   322 | D:1      | Reached XP level 2. HP: 19/19 MP: 1/5
   336 | D:1      | Reached skill level 4 in Conjurations
   686 | D:1      | Learned a level 2 spell: Searing Ray
   988 | D:1      | Reached XP level 3. HP: 24/24 MP: 4/6
  1588 | D:2      | Reached XP level 4. HP: 30/30 MP: 3/7
  1593 | D:2      | Learned a level 4 spell: Fulminant Prism
  1789 | D:2      | Reached skill level 5 in Conjurations
  2048 | D:2      | Found a runed translucent door.
  2049 | D:2      | Noticed Crazy Yiuf
  2276 | D:3      | Found Naj Fusu's Distillery.
  2280 | D:3      | Bought a potion of curing for 33 gold pieces
  2280 | D:3      | Bought a potion of heal wounds for 55 gold pieces
  2322 | D:3      | Found a runed translucent gate.
  2323 | D:3      | Found a runed translucent gate.
  2324 | D:3      | Found a runed translucent gate.
  2324 | D:3      | Noticed AutarchDCSS's ghost (amateur MDFi)
  2324 | D:3      | Noticed jasper's ghost (weakling SpBe)
  2325 | D:3      | Noticed justen's ghost (weakling MDFi)
  2325 | D:3      | Noticed pokeman's ghost (amateur DEHW)
  2326 | D:3      | Noticed Fodor's ghost (amateur MiFi)
  2430 | D:3      | Reached XP level 5. HP: 24/35 MP: 1/8
  2589 | D:3      | Noticed Robin
  2600 | D:3      | Killed Robin
  2706 | D:3      | Noticed a phantom
  2727 | D:3      | Killed a phantom
  2728 | D:3      | Reached skill level 6 in Conjurations
  2728 | D:3      | Reached XP level 6. HP: 17/41 MP: 0/9
  2739 | D:3      | Noticed Grinder
  2742 | D:3      | Paralysed by Grinder for 5 turns
  2755 | D:3      | Paralysed by Grinder for 3 turns
  2759 | D:3      | HP: 2/41 [Grinder (3)]
  2768 | D:3      | Killed Grinder
  2769 | D:3      | Reached skill level 7 in Conjurations
  2941 | D:3      | Reached XP level 7. HP: 38/46 MP: 10/10
  4424 | D:4      | Reached skill level 1 in Alchemy
  4594 | D:4      | Found a shimmering altar of Xom.
  4784 | D:4      | Reached skill level 8 in Conjurations
  4984 | D:4      | Noticed Eustachio
  5004 | D:4      | Killed Eustachio
  5005 | D:4      | Reached XP level 8. HP: 9/52 MP: 3/11
  5177 | D:4      | Learned a level 4 spell: Iskenderun's Mystic Blast
  5688 | D:5      | Entered Level 5 of the Dungeon
  5690 | D:5      | Noticed Dowan
  5691 | D:5      | Noticed Duvessa
  6040 | D:5      | Reached skill level 1 in Translocations
  6405 | D:5      | Killed Duvessa
  6406 | D:5      | Reached skill level 9 in Conjurations
  6414 | D:5      | Killed Dowan
  6833 | D:5      | Reached XP level 9. HP: 57/57 MP: 5/12
  6907 | D:5      | Found Ginukle's Jewellery Emporium.
  7628 | D:6      | Noticed Jeremiah
  7739 | D:6      | Killed Jeremiah
  7740 | D:6      | Reached skill level 10 in Conjurations
  7740 | D:6      | Reached skill level 1 in Staves
  7835 | D:6      | Found a staircase to the Ecumenical Temple.
  7843 | Temple   | Entered the Ecumenical Temple
  7961 | D:6      | Identified the +9 dagger of the Fae God {venom, MP+9 Dex+3
                  | SInv}
  8027 | D:6      | Reached skill level 1 in Fighting
  8185 | D:6      | Found a white marble altar of Elyvilon.
  8267 | D:6      | Found a shadowy altar of Dithmenos.
  8267 | D:6      | Found a snail-covered altar of Cheibriados.
  8267 | D:6      | Found a bloodstained altar of Trog.
  8269 | D:6      | Found a blossoming altar of Fedhas.
  8535 | D:7      | Found Oxtyer's Armour Shoppe.
  8651 | D:7      | Slain by an ice beast

Illustrated notes

Levels and vault maps discovered:
D:1:      amcnicky_arrival_underground_garden, layout_loops_ring, minmay_3d_cube
D:2:      layout_loops_ring, st_stairs_2, uniq_crazy_yiuf_cottage
D:3:      layout_basic, serial_shops, nicolae_shop_tiny_glass,
          gammafunk_ghost_cemetery, portal_sewer_entry_d, uniq_grinder,
          uniq_robin
D:4:      layout_basic, led_xom_imps, uniq_eustachio
D:5:      layout_basic, serial_undead, serial_undead_b, serial_undead_e,
          serial_undead_d, serial_undead_d, serial_shops,
          nicolae_lakefront_shop, uniq_duvessa
D:6:      layout_rooms, minitemple, mainiacjoe_overflow_24_doors,
          minmay_temple_entry_stoned_glass, abandoned_shop, uniq_jeremiah
D:7:      layout_layer_cave, hangedman_ru_absence, enter_bailey_5, serial_shops,
          shop, shop, shop, shop, shop, nrook_pool_corridor
Temple:   nicolae_temple_ecumenical_triangle

Skill      XL: |  1  2  3  4  5  6  7  8  9 |
---------------+----------------------------+-----
Spellcasting   | 2 |  2.0
Conjurations   | 4 5 6 7 8 9 10 | 10.0
Alchemy        | 3 4 |  4.0
Translocations | 4 |  4.0
Staves         | 3 |  3.0
Dodging        | 2 |  2.8
Fighting       | 2 |  2.1
Stealth        | |  1.5

Action                     |  1- 3 |  4- 6 |  7- 9 || total
---------------------------+-------+-------+-------++-------
  Melee: Unarmed           |     4 |       |       ||     4
         Dagger            |    11 |    88 |    14 ||   113
         Whip              |       |     7 |    84 ||    91
         Falchion          |       |       |    46 ||    46
         Staff             |       |       |   114 ||   114
   Cast: Magic Dart        |    45 |    17 |   107 ||   169
         Searing Ray       |     5 |    10 |    41 ||    56
         Fulminant Prism   |       |       |     9 ||     9
    Use: Potion            |       |     4 |     2 ||     6
         Scroll            |       |       |     8 ||     8
 Armour: Robe              |    13 |    40 |   128 ||   181
  Dodge: Dodged            |    13 |    32 |   137 ||   182

Table legend: (Time is in decaauts)
 A = Elapsed time spent in this place.
 B = Non-inter-level travel time spent in this place.
 C = Inter-level travel time spent in this place.
 D = Time resting spent in this place.
 E = Time spent auto-exploring this place.
 F = Levels seen in this place.
 G = Mean time per level.
                   A        B        C        D        E       F      G
               +--------+--------+--------+--------+--------+-----+--------+
         Total |   8677 |   8295 |    382 |    370 |   6871 |   8 | 1084.6 |
       Dungeon |   8675 |   8293 |    382 |    370 |   6871 |   7 | 1239.3 |
        Temple |      1 |      1 |      0 |      0 |      0 |   1 |    1.0 |
               +--------+--------+--------+--------+--------+-----+--------+

Top non-repeatable levels by time:
     D:5: 2000 daAuts
     D:3: 1845 daAuts
     D:4: 1709 daAuts
     D:1: 1347 daAuts
     D:2: 928 daAuts
     D:6: 552 daAuts
     D:7: 292 daAuts
  Temple: 1 daAuts
